TOP OF THE 1ST |
Las Vegas 51s batting - Pitching for Lehigh Valley IronPigs : RHP Marcos Tapia
|
Pitching: RHP Marcos Tapia
|
|
Batting: LHB Adam Hairston
|
0-0: Ball 1-0: Ball 2-0: Ball 3-0: Called Strike 3-1: Swinging Strike 3-2: Strikes out looking
|
Batting: RHB Zhao-ying Joe
|
0-0: Bunt missed! 0-1: Swinging Strike 0-2: Ball 1-2: Ball 2-2: Foul Ball, location: 2F 2-2: Ball 3-2: Fly out, F8 (Flyball, 8LXD, EV 100.6 MPH)
|
Batting: RHB Josh Jones
|
0-0: Called Strike 0-1: Ground out 3-1 (Groundball, 34S, EV 87.5 MPH)
|
Top of the 1st over - 0 runs, 0 hits, 0 errors, 0 left on base; Las Vegas 0 - Lehigh Valley 0 |
BOTTOM OF THE 1ST |
Lehigh Valley IronPigs batting - Pitching for Las Vegas 51s : RHP Tony Castellanos
|
Pitching: RHP Tony Castellanos
|
|
Batting: RHB Mark Schultz
|
0-0: Ball 1-0: Foul Ball, location: 2F 1-1: Ball 2-1: SINGLE (Line Drive, 78S, EV 93.8 MPH)
|
Batting: LHB Jose Carlos
|
0-0: Ball 1-0: Grounds into double play, 5-4-3 (Groundball, 5, EV 101.9 MPH)
|
Batting: RHB Carlos Morejon
|
0-0: Foul Ball, location: 2F 0-1: Ball 1-1: Ground out 6-3 (Groundball, P, EV 83.8 MPH)
|
Bottom of the 1st over - 0 runs, 1 hit, 0 errors, 0 left on base; Las Vegas 0 - Lehigh Valley 0 |
TOP OF THE 2ND |
Las Vegas 51s batting - Pitching for Lehigh Valley IronPigs : RHP Marcos Tapia
|
Batting: LHB Bill Armijo
|
0-0: Ball 1-0: Called Strike 1-1: Ball 2-1: Called Strike 2-2: Foul Ball, location: 2F 2-2: Ball 3-2: Fly out, F7 (Flyball, 7LMF, EV 98.8 MPH)
|
Batting: RHB Ken Fitzpatrick
|
0-0: Ball 1-0: Called Strike 1-1: Ball 2-1: Foul Ball, location: 2F 2-2: Foul Ball, location: 2F 2-2: Ball 3-2: Foul Ball, location: 2F 3-2: Strikes out swinging
|
Batting: SHB Nelson Powell
|
0-0: Ball 1-0: Called Strike 1-1: Ball 2-1: Ground out 4-3 (Groundball, 4S, EV 76.9 MPH)
|
Top of the 2nd over - 0 runs, 0 hits, 0 errors, 0 left on base; Las Vegas 0 - Lehigh Valley 0 |
BOTTOM OF THE 2ND |
Lehigh Valley IronPigs batting - Pitching for Las Vegas 51s : RHP Tony Castellanos
|
Batting: LHB Josh George
|
0-0: Swinging Strike 0-1: Ball 1-1: Foul Ball, location: 2F 1-2: Ball 2-2: Foul Ball, location: 2F 2-2: Foul Ball, location: 2F 2-2: Ball 3-2: Strikes out swinging
|
Batting: RHB Victor Arroyo
|
0-0: Foul Ball, location: 2F 0-1: Ball 1-1: DOUBLE (Flyball, 78D, EV 89.4 MPH)
|
Batting: SHB Marco de Leon
|
0-0: Ball 1-0: Ball 2-0: Foul Ball, location: 2F 2-1: Ball 3-1: Base on Balls
|
Batting: RHB Moritake Fukumoto
|
0-0: Foul Ball, location: 2F 0-1: SINGLE (Flyball, 34D, EV 86.9 MPH) Victor Arroyo to third Marco de Leon to second
|
Batting: RHB Kyle Reilly
|
0-0: Foul Ball, location: 2F 0-1: Fly out, F7 (Line Drive, 7S, EV 103.1 MPH)
|
Batting: RHB Bill Moldenhauer
|
0-0: Called Strike 0-1: Called Strike 0-2: Ball 1-2: Fielders Choice at 2nd, 6-4 (Groundball, 6, EV 91.2 MPH)
|
Bottom of the 2nd over - 0 runs, 2 hits, 0 errors, 3 left on base; Las Vegas 0 - Lehigh Valley 0 |
TOP OF THE 3RD |
Las Vegas 51s batting - Pitching for Lehigh Valley IronPigs : RHP Marcos Tapia
|
Batting: RHB Devine Adams
|
0-0: Ball 1-0: Fly out, F7 (Flyball, 7LM, EV 107.5 MPH)
|
Batting: LHB Jose Chavez
|
0-0: Ball 1-0: Ball 2-0: Fly out, F7 (Flyball, 7, EV 98.8 MPH)
|
Batting: RHB Alex Vasquez
|
0-0: Called Strike 0-1: Swinging Strike 0-2: Ball 1-2: Foul Ball, location: 2F 1-2: Foul Ball, location: 2F 1-2: Foul Ball, location: 2F 1-2: Strikes out swinging
|
Top of the 3rd over - 0 runs, 0 hits, 0 errors, 0 left on base; Las Vegas 0 - Lehigh Valley 0 |
BOTTOM OF THE 3RD |
Lehigh Valley IronPigs batting - Pitching for Las Vegas 51s : RHP Tony Castellanos
|
Batting: RHB Mark Schultz
|
0-0: Foul Ball, location: 2F 0-1: Ball 1-1: Called Strike 1-2: Fly out, F8 (Flyball, 8RM, EV 91.9 MPH)
|
Batting: LHB Jose Carlos
|
0-0: Ball 1-0: Foul Ball, location: 2F 1-1: Foul Ball, location: 2F 1-2: Foul Ball, location: 2F 1-2: Foul Ball, location: 2F 1-2: Ground out 6-3 (Groundball, 6, EV 105.6 MPH)
|
Batting: RHB Carlos Morejon
|
0-0: Foul Ball, location: 2F 0-1: Fly out, F4 (Line Drive, 4, EV 67.5 MPH)
|
Bottom of the 3rd over - 0 runs, 0 hits, 0 errors, 0 left on base; Las Vegas 0 - Lehigh Valley 0 |
TOP OF THE 4TH |
Las Vegas 51s batting - Pitching for Lehigh Valley IronPigs : RHP Marcos Tapia
|
Batting: LHB Adam Hairston
|
0-0: Swinging Strike 0-1: Ball 1-1: SINGLE (Groundball, 4MD, EV 98.8 MPH)
|
Batting: RHB Zhao-ying Joe
|
Pickoff Play to 1st, Runner tries for 2nd, OUT after rundown. 0-0: Called Strike 0-1: Ball 1-1: Foul Ball, location: 2F 1-2: Ball 2-2: Ball 3-2: Base on Balls
|
Batting: RHB Josh Jones
|
0-0: Ball 1-0: Ball 2-0: Called Strike 2-1: Ground out 4-3 (Groundball, 4S, EV 68.8 MPH) Zhao-ying Joe to second
|
Batting: LHB Bill Armijo
|
0-0: Ball 1-0: Fly out, F8 (Flyball, 8RS, EV 78.1 MPH)
|
Top of the 4th over - 0 runs, 1 hit, 0 errors, 1 left on base; Las Vegas 0 - Lehigh Valley 0 |
BOTTOM OF THE 4TH |
Lehigh Valley IronPigs batting - Pitching for Las Vegas 51s : RHP Tony Castellanos
|
Batting: LHB Josh George
|
0-0: Ball 1-0: Called Strike 1-1: Ball 2-1: Swinging Strike 2-2: Ball 3-2: SINGLE (Groundball, 6, EV 108.8 MPH)
|
Batting: RHB Victor Arroyo
|
0-0: Called Strike 0-1: Foul Ball, location: 2F 0-2: Ball 1-2: Ball 2-2: Foul Ball, location: 2F 2-2: Ball 3-2: SINGLE (Groundball, 56D, EV 104.4 MPH) Josh George to second
|
Batting: SHB Marco de Leon
|
0-0: Called Strike 0-1: Ball 1-1: Foul Ball, location: 2F 1-2: Ball 2-2: Ball 3-2: Base on Balls Josh George to third Victor Arroyo to second
|
Batting: RHB Moritake Fukumoto
|
0-0: Called Strike 0-1: Ball 1-1: Ball 2-1: Ball 3-1: Foul Ball, location: 2F 3-2: SINGLE (Groundball, 56D, EV 102.5 MPH) Josh George scores Victor Arroyo to third Marco de Leon to second
|
Batting: RHB Kyle Reilly
|
0-0: Ball 1-0: Foul Ball, location: 2F 1-1: Called Strike 1-2: Foul Ball, location: 2F 1-2: Ball 2-2: Foul Ball, location: 2F 2-2: Foul Ball, location: 2F 2-2: SINGLE (Line Drive, 9S, EV 103.1 MPH) Victor Arroyo scores Marco de Leon to third Moritake Fukumoto to second
|
Batting: RHB Bill Moldenhauer
|
0-0: Ball 1-0: Called Strike 1-1: SINGLE (Groundball, 56, EV 99.4 MPH) Marco de Leon scores Moritake Fukumoto to third Kyle Reilly to second Runner from 3rd tries for Home, SAFE, throw by LF to home
|
Batting: RHB Mark Schultz
|
0-0: Ball 1-0: Grounds into double play, 4-6-3 (Groundball, 4, EV 101.9 MPH) Kyle Reilly to third
|
Batting: LHB Jose Carlos
|
0-0: Ball 1-0: Foul Ball, location: 2F 1-1: 2-RUN HOME RUN (Flyball, 9D, EV 102.5 MPH), Distance : 385 ft
|
Pitching: RHP Brian Wood
|
|
Batting: RHB Carlos Morejon
|
0-0: Called Strike 0-1: Fly out, F4 (Popup, 34S, EV 74.4 MPH)
|
Bottom of the 4th over - 6 runs, 6 hits, 0 errors, 0 left on base; Las Vegas 0 - Lehigh Valley 6 |
TOP OF THE 5TH |
Las Vegas 51s batting - Pitching for Lehigh Valley IronPigs : RHP Marcos Tapia
|
Batting: RHB Ken Fitzpatrick
|
0-0: DOUBLE (Line Drive, 8LXD, EV 101.9 MPH)
|
Batting: SHB Nelson Powell
|
0-0: Ball 1-0: Ball 2-0: Ball 3-0: Base on Balls
|
Batting: RHB Devine Adams
|
0-0: Grounds into double play, 5-4-3 (Groundball, 56S, EV 95.0 MPH) Ken Fitzpatrick to third
|
Batting: LHB Jose Chavez
|
0-0: Ball 1-0: Ball 2-0: Called Strike 2-1: Fly out, F8 (Flyball, 89M, EV 89.4 MPH)
|
Top of the 5th over - 0 runs, 1 hit, 0 errors, 1 left on base; Las Vegas 0 - Lehigh Valley 6 |
BOTTOM OF THE 5TH |
Lehigh Valley IronPigs batting - Pitching for Las Vegas 51s : RHP Brian Wood
|
Batting: LHB Josh George
|
0-0: Ball 1-0: Ball 2-0: Fly out, F8 (Flyball, 8RM, EV 95.0 MPH)
|
Batting: RHB Victor Arroyo
|
0-0: SOLO HOME RUN (Flyball, 7LD, EV 98.1 MPH), Distance : 360 ft
|
Batting: SHB Marco de Leon
|
0-0: Called Strike 0-1: Ball 1-1: Foul Ball, location: 2F 1-2: Ball 2-2: Ball 3-2: SINGLE (Groundball, 4MS, EV 73.1 MPH) (infield hit)
|
Batting: RHB Moritake Fukumoto
|
0-0: Swinging Strike 0-1: Called Strike 0-2: Strikes out swinging
|
Batting: RHB Kyle Reilly
|
0-0: Ball 1-0: Fly out, F6 (Popup, 6D, EV 73.1 MPH)
|
Bottom of the 5th over - 1 run, 2 hits, 0 errors, 1 left on base; Las Vegas 0 - Lehigh Valley 7 |
TOP OF THE 6TH |
Las Vegas 51s batting - Pitching for Lehigh Valley IronPigs : RHP Marcos Tapia
|
Batting: RHB Alex Vasquez
|
0-0: Called Strike 0-1: Ball 1-1: Swinging Strike 1-2: Strikes out looking
|
Batting: LHB Adam Hairston
|
0-0: Swinging Strike 0-1: Foul Ball, location: 2F 0-2: Ball 1-2: Foul Ball, location: 2F 1-2: Strikes out looking
|
Batting: RHB Zhao-ying Joe
|
0-0: Ball 1-0: Called Strike 1-1: Swinging Strike 1-2: Ball 2-2: SINGLE (Groundball, 34D, EV 98.1 MPH)
|
Batting: RHB Josh Jones
|
0-0: Called Strike Zhao-ying Joe steals 2nd base 0-1: Ball 1-1: SINGLE (Groundball, 4MD, EV 107.5 MPH) Zhao-ying Joe to third Runner from 3rd tries for Home, SAFE, throw by CF to home Josh Jones to second
|
Batting: LHB Bill Armijo
|
0-0: Foul Ball, location: 2F 0-1: 2-RUN HOME RUN (Flyball, 89XD, EV 103.8 MPH), Distance : 423 ft
|
Batting: RHB Ken Fitzpatrick
|
0-0: Called Strike 0-1: Ball 1-1: Called Strike 1-2: Ball 2-2: SINGLE (Groundball, 6, EV 99.4 MPH)
|
Batting: SHB Nelson Powell
|
0-0: Called Strike 0-1: Ball 1-1: Ball 2-1: SINGLE (Groundball, 34D, EV 95.6 MPH) Ken Fitzpatrick to second Runner from 2nd tries for 3rd, SAFE, throw by RF made to third
|
Pitching: LHP Ignacio Amaya
|
|
Batting: RHB Devine Adams
|
Pickoff Throw to First - Out! 1-3
|
Top of the 6th over - 3 runs, 5 hits, 0 errors, 1 left on base; Las Vegas 3 - Lehigh Valley 7 |
BOTTOM OF THE 6TH |
Lehigh Valley IronPigs batting - Pitching for Las Vegas 51s : RHP Brian Wood
|
Batting: RHB Bill Moldenhauer
|
0-0: Ball 1-0: Swinging Strike 1-1: Called Strike 1-2: Ground out 6-3 (Groundball, 6, EV 86.2 MPH)
|
Batting: RHB Mark Schultz
|
0-0: Called Strike 0-1: Ball 1-1: Swinging Strike 1-2: Strikes out swinging
|
Batting: LHB Jose Carlos
|
0-0: Swinging Strike 0-1: Called Strike 0-2: Foul Ball, location: 2F 0-2: Strikes out swinging
|
Bottom of the 6th over - 0 runs, 0 hits, 0 errors, 0 left on base; Las Vegas 3 - Lehigh Valley 7 |
TOP OF THE 7TH |
Las Vegas 51s batting - Pitching for Lehigh Valley IronPigs : LHP Ignacio Amaya
|
Batting: RHB Devine Adams
|
0-0: Swinging Strike 0-1: Swinging Strike 0-2: Strikes out swinging
|
Batting: LHB Jose Chavez
|
0-0: Foul Ball, location: 2F 0-1: Ball 1-1: Ball 2-1: Foul Ball, location: 2F 2-2: Strikes out swinging
|
Batting: RHB Alex Vasquez
|
0-0: Called Strike 0-1: Ball 1-1: Ball 2-1: Ball 3-1: Called Strike 3-2: Ground out 5-3 (Groundball, 56, EV 101.9 MPH)
|
Top of the 7th over - 0 runs, 0 hits, 0 errors, 0 left on base; Las Vegas 3 - Lehigh Valley 7 |
BOTTOM OF THE 7TH |
Lehigh Valley IronPigs batting - Pitching for Las Vegas 51s : RHP Brian Wood
|
Batting: RHB Carlos Morejon
|
0-0: Ground out 6-3 (Groundball, 56, EV 90.0 MPH)
|
Batting: LHB Josh George
|
0-0: Ball 1-0: Foul Ball, location: 2F 1-1: Called Strike 1-2: Fly out, F4 (Line Drive, 4, EV 68.8 MPH)
|
Batting: RHB Victor Arroyo
|
0-0: Foul Ball, location: 2F 0-1: Ground out U3 (Groundball, 34, EV 82.5 MPH)
|
Bottom of the 7th over - 0 runs, 0 hits, 0 errors, 0 left on base; Las Vegas 3 - Lehigh Valley 7 |
TOP OF THE 8TH |
Las Vegas 51s batting - Pitching for Lehigh Valley IronPigs : LHP Ignacio Amaya
|
Pitching: RHP Alex Florez
|
|
Batting: LHB Adam Hairston
|
0-0: Ball 1-0: Ball 2-0: Ball 3-0: Called Strike 3-1: Foul Ball, location: 2F 3-2: Ground out 5-3 (Groundball, 56, EV 88.1 MPH)
|
Batting: RHB Zhao-ying Joe
|
0-0: Ball 1-0: Swinging Strike 1-1: Called Strike 1-2: Ground out 5-3 (Groundball, 5, EV 83.1 MPH)
|
Batting: RHB Josh Jones
|
0-0: SINGLE (Groundball, 4S, EV 75.0 MPH) (infield hit)
|
Batting: LHB Bill Armijo
|
0-0: Ball 1-0: SINGLE (Line Drive, 9S, EV 105.6 MPH) Josh Jones to second Runner from 2nd tries for 3rd, SAFE, throw by RF made to third
|
Batting: RHB Ken Fitzpatrick
|
0-0: Called Strike 0-1: Ball 1-1: Swinging Strike 1-2: Ball 2-2: Ball 3-2: Strikes out swinging
|
Top of the 8th over - 0 runs, 2 hits, 0 errors, 2 left on base; Las Vegas 3 - Lehigh Valley 7 |
BOTTOM OF THE 8TH |
Lehigh Valley IronPigs batting - Pitching for Las Vegas 51s : RHP Brian Wood
|
Pitching: RHP Shan-tang Chi
|
|
Batting: SHB Marco de Leon
|
0-0: Ball 1-0: Called Strike 1-1: Swinging Strike 1-2: Ball 2-2: Fly out, F9 (Flyball, 9S, EV 77.5 MPH)
|
Batting: RHB Moritake Fukumoto
|
0-0: Called Strike 0-1: Swinging Strike 0-2: Ground out 6-3 (Groundball, 56, EV 107.5 MPH)
|
Batting: RHB Kyle Reilly
|
0-0: Foul Ball, location: 2F 0-1: Called Strike 0-2: Strikes out swinging
|
Bottom of the 8th over - 0 runs, 0 hits, 0 errors, 0 left on base; Las Vegas 3 - Lehigh Valley 7 |
TOP OF THE 9TH |
Las Vegas 51s batting - Pitching for Lehigh Valley IronPigs : RHP Alex Florez
|
Batting: SHB Nelson Powell
|
0-0: Swinging Strike 0-1: Ball 1-1: Called Strike 1-2: Ball 2-2: Ball 3-2: Base on Balls
|
Batting: RHB Devine Adams
|
0-0: Ball 1-0: DOUBLE (Groundball, 5L, EV 100.6 MPH) Nelson Powell to third
|
Pitching: RHP Andy Burchfield
|
|
Batting: LHB Jose Chavez
|
0-0: Ground out 6-3 (Groundball, 6, EV 78.1 MPH) Nelson Powell scores Devine Adams to third
|
Pinch Hitting: SHB Harrison Feist
|
0-0: Called Strike 0-1: Ball 1-1: Ball 2-1: Foul Ball, location: 2F 2-2: Strikes out looking
|
Batting: LHB Adam Hairston
|
0-0: Ball 1-0: Fly out, F9 (Flyball, 9, EV 81.9 MPH)
|
Top of the 9th over - 1 run, 1 hit, 0 errors, 1 left on base; Las Vegas 4 - Lehigh Valley 7 |
|